 Dungeon Crawl Stone Soup version 0.23-a0-14-g8c9a20f (webtiles) character file.

144519 TheOrbIsALie the Black Belt (level 16, -9/115 HPs)
             Began as a Demonspawn Wizard on Aug 2, 2018.
             Was an Elder of Cheibriados.
             Mangled by a deep troll (19 damage)
             ... on level 2 of the Depths.
             The game lasted 01:08:09 (23390 turns).

TheOrbIsALie the Black Belt (Demonspawn Wizard)    Turns: 23390, Time: 01:08:11

Health: -9/115     AC:  9    Str: 35    XL:     16   Next: 85%
Magic:  25/27      EV: 16    Int: 28    God:    Cheibriados [****..]
Gold:   2104       SH: 11    Dex: 24    Spells: 18/30 levels left

rFire    . . .     SeeInvis +     - Unarmed
rCold    . . .     Gourm    .   E - -3 shield of Hairiness {Regen+ Str+2}
rNeg     + . .     Faith    .   N - +0 chain mail {rPois}
rPois    +         Spirit   .   (helmet unavailable)
rElec    +         Reflect  .   H - +0 cloak
rCorr    .         Harm     .   (gloves unavailable)
MR       ++...                  (no boots)
Stlth    ..........             T - amulet of the acrobat
HPRegen  5.69/turn              l - ring of Fotun {rPois rN+ Str+4 Int+2 Stlth-}
MPRegen  0.20/turn              i - ring of Intercession {rElec EV+3 Str+7 Int-4 SInv}

@: very slow
A: claws 3, horns 3, talons 2, frail 1, foul stench 1, magic resistance 1,
powered by death 3, wild magic 1, rot immunity
a: Bend Time, Temporal Distortion, Slouch, Renounce Religion


You were on level 2 of the Depths.
You worshipped Cheibriados.
Cheibriados was greatly pleased with you.
You were not hungry.

You visited 5 branches of the dungeon, and saw 26 of its levels.

You collected 2705 gold pieces.
You spent 601 gold pieces at shops.

Inventory:

Armour
 C - a +0 ring mail of magic resistance
 E - the -3 shield of Hairiness (worn) {Regen+ Str+2}
   (You took it off a deep elf mage on level 15 of the Dungeon)

   It affects your strength (+2).
   It increases your rate of regeneration.
 H - a +0 cloak (worn)
 N - a +0 chain mail of poison resistance (worn)
 W - +0 fire dragon scales
Magical Staves
 x - an uncursed staff of air
Jewellery
 a - a cursed ring of attention {unknown}
 e - the ring of Phasing {EV+8}
   (You found it on level 1 of the Depths)

   [ring of evasion]

   It affects your evasion (+8).
 f - a cursed ring of teleportation {unknown}
 i - the ring of Intercession (right claw) {rElec EV+3 Str+7 Int-4 SInv}
   (You bought it in a shop on level 5 of the Dungeon)

   [ring of evasion]

   It affects your evasion (+3).
   It affects your strength (+7).
   It affects your intelligence (-4).
   It insulates you from electricity.
   It lets you see invisible.
 j - an uncursed ring of fire {unknown}
 k - a +3 ring of dexterity
 l - the ring of Fotun (left claw) {rPois rN+ Str+4 Int+2 Stlth-}
   (You acquired it on level 6 of the Lair of Beasts)

   [ring of intelligence]

   It affects your strength (+4).
   It affects your intelligence (+2).
   It protects you from poison.
   It protects you from negative energy.
   It makes you less stealthy.
 w - a +4 ring of protection
 O - a +4 ring of strength {unknown}
 P - an uncursed ring of protection from magic {unknown}
 T - an amulet of the acrobat (around neck)
 V - a +2 ring of strength {unknown}
 X - an uncursed ring of protection from fire {unknown}
Wands
 r - a wand of acid (31)
 u - a wand of flame (63)
 y - a wand of clouds (12)
 G - a wand of disintegration (18)
 Q - a wand of polymorph (23)
Scrolls
 c - 19 scrolls of identify
 g - 4 scrolls of blinking {unknown}
 h - 12 scrolls of teleportation
 m - 5 scrolls of amnesia {unknown}
 D - 2 scrolls of brand weapon {unknown}
 K - 3 scrolls of fear {unknown}
 R - 3 scrolls of fog {unknown}
 S - 6 scrolls of remove curse
 U - 2 scrolls of enchant weapon {unknown}
 Y - 3 scrolls of magic mapping
 Z - 3 scrolls of immolation
Potions
 b - 3 potions of heal wounds
 n - 19 potions of curing
 o - 4 potions of brilliance {unknown}
 p - 4 potions of might {unknown}
 q - 2 potions of mutation
 s - a potion of ambrosia {unknown}
 v - a potion of invisibility {unknown}
 z - 3 potions of lignification {unknown}
 A - 2 potions of cancellation {unknown}
 B - 2 potions of agility {unknown}
 I - 6 potions of haste {unknown}
 J - 5 potions of flight {unknown}
 L - a potion of magic {unknown}
 M - 2 potions of berserk rage {unknown}
Miscellaneous
 t - a phial of floods
 F - a fan of gales
Comestibles
 d - 48 rations


   Skills:
 - Level 12.3 Fighting
 - Level 6.0 Dodging
 - Level 1.7 Stealth
 + Level 9.6 Shields
 - Level 17.2 Unarmed Combat
 - Level 7.8 Spellcasting
 - Level 5.2 Conjurations
   Level 1.0 Summonings
 - Level 0.8 Translocations
 - Level 10.9 Air Magic
 - Level 10.4 Invocations


You had 18 spell levels left.
You knew the following spells:

 Your Spells              Type           Power        Failure   Level  Hunger
a - Magic Dart            Conj           ####         9%          1    None
b - Mephitic Cloud        Conj/Pois/Air  ######..     22%         3    None
c - Conjure Flame         Conj/Fire      ####....     52%         3    None
d - Apportation           Tloc           ###...       41%         1    None
e - Airstrike             Air            #######...   9%          4    ##.....

Your spell library contained the following spells:

 Spells                   Type           Power        Failure   Level  Hunger
 Cause Fear               Hex            ##........   99%         4    ##.....
 Bolt of Cold             Conj/Ice       ####......   100%        6    ######.
 Lightning Bolt           Conj/Air       ######....   52%         5    ####...
 Slow                     Hex            ##......     65%         2    None
 Confuse                  Hex            ##......     86%         3    None
 Throw Frost              Conj/Ice       ####..       32%         2    None
 Freezing Cloud           Conj/Ice/Air   ######....   100%        6    ######.
 Summon Small Mammal      Summ           ###.         38%         1    None
 Blink                    Tloc           N/A          54%         2    None
 Animate Skeleton         Necr           N/A          52%         1    None
 Freeze                   Ice            ##..         52%         1    None
 Summon Ice Beast         Ice/Summ       ###.....     99%         4    ##.....
 Call Imp                 Summ           ###.....     52%         2    None
 Tukima's Dance           Hex            ##......     86%         3    None
 Shock                    Conj/Air       ####         3%          1    None
 Swiftness                Chrm/Air       ######..     12%         2    None
 Spider Form              Tmut/Pois      ##........   86%         3    None
 Blade Hands              Tmut           ##........   100%        5    ####...
 Ice Form                 Ice/Tmut       ##......     99%         4    ##.....
 Deflect Missiles         Chrm/Air       ######....   100%        6    ######.
 Confusing Touch          Hex            ##....       52%         1    None
 Sticks to Snakes         Tmut           ##......     65%         2    None
 Ensorcelled Hibernation  Hex/Ice        ##....       65%         2    None
 Metabolic Englaciation   Hex/Ice        ##........   100%        5    ####...
 Silence                  Hex/Air        ######....   86%         5    ####...
 Static Discharge         Conj/Air       ######..     8%          3    None
 Corona                   Hex            ##.....      52%         1    None
 Petrify                  Tmut/Erth      ##......     99%         4    ##.....
 Beastly Appendage        Tmut           ##....       52%         1    None
 Dazzling Spray           Conj/Hex       ####..       52%         3    None
 Discord                  Hex            ##........   100%        8    #######
 Gell's Gravitas          Tloc           ###.......   77%         3    None
 Yara's Violent Unravell  Hex/Tmut       ##........   100%        5    ####...


Dungeon Overview and Level Annotations

Branches:
Dungeon (15/15)            Temple (1/1) D:4            Lair (6/6) D:9
 Shoals (0/4) Lair:2        Snake (0/4) Lair:3        Slime (0/5) Lair:6
    Orc (2/2) D:10            Elf (0/3) Orc:2        Vaults (0/5) D:13
 Depths (2/5) D:15

Altars:
Cheibriados
Dithmenos
Elyvilon
Fedhas
Gozag
Hepliaklqana
Kikubaaqudgha
Makhleb
Nemelex Xobeh
Okawaru
Qazlal
Ru
Sif Muna
Trog
Uskayaw
Vehumet
Wu Jian
Xom
Zin
The Shining One
Jiyva

Shops:
D:4 *   D:5 *!?**   D:10 *   D:14 %   Orc:2 :!*?   Depths:1 **=[:*

Portals:
Hell: Depths:1
Abyss: Depths:1

Annotations:
Lair:2 exclusion: 2 oklob plants
Depths:1 3 runed doors, exclusions: obsidian statue and orange crystal statue, Ijionina's ghost, master MiFi
Depths:2 Saint Roka


Innate Abilities, Weirdness & Mutations

You have claws for hands.
You have a pair of large horns on your head.
You have razor-sharp toenails.
You may emit foul miasma when damaged in melee.
You regenerate a lot of health from kills.
You are immune to rotting.
You are frail. (-10% HP)
You are resistant to hostile enchantments. (MR+)
Your spells are a little harder to cast, but a little more powerful.


Message History

The deep troll claws you. The deep troll claws you!
* * * LOW HITPOINT WARNING * * *
Unknown command.
You eviscerate the deep troll!!!
You kill the deep troll!
Cheibriados thoroughly appreciates the change of pace.
You hear a shout!
You mangle the deep troll!!
You claw the deep troll, but do no damage.
Your headbutt misses the deep troll.
The deep troll is severely wounded.
The deep troll is engulfed in dark miasma.
The deep troll looks even sicker.
The deep troll bites you!
* * * LOW HITPOINT WARNING * * *
You block the deep troll's attack. The deep troll claws you!
* * * LOW HITPOINT WARNING * * *
The deep troll is engulfed in dark miasma.
The deep troll looks as sick as possible!
The deep troll seems to slow down.
The deep troll bites you!!
You die...

... #.....
... #...[##
..§ .[..#.
# ..)
.[...#.#
##...[.#
#.[(.(
##[)§###...
#..@TT.....
#.#T#.#.##.
.. ... .#
.!. .....
$. ###
#.#.... ..
###..... #.
#.....#
#......


You could see 3 deep trolls.

Vanquished Creatures
  the Enchantress (Depths:2)
  Rupert (Orc:2)
  Kirke (D:13)
  A tengu reaver (D:15)
  A fire giant (Depths:1)
  2 frost giants
  A stone giant (Depths:1)
  3 spriggan defenders (Depths:2)
  2 very ugly things (Depths:1)
  A dire elephant (Lair:6)
  A minotaur (D:11)
  An ettin (Depths:1)
  Josephine (D:13)
  Fannar (D:13)
  2 great orbs of eyes (Depths:1)
  A fire dragon (Depths:1)
  An ice dragon (Depths:1)
  3 spriggan air magi (Depths:2)
  A catoblepas (Lair:6)
  6 hydras
  A death knight (D:11)
  2 centaur warriors (D:13)
  Erica (D:11)
  4 death yaks (Lair:2)
  5 ogre magi
  22 two-headed ogres
  A deep troll earth mage (Depths:2)
  A tengu warrior (D:14)
  The ghost of jusw85 the Thaumaturge, a journeyman DECj of Vehumet (D:11)
  5 orc high priests (Orc:2)
  A skeletal warrior (D:13)
  2 unseen horrors
  A deep troll (Depths:2)
  2 flayed ghosts
  A phantasmal warrior (D:11)
  9 orc knights
  2 lindwurms (Lair:6)
  A wolf spider zombie (D:15)
  2 oklob plants (Lair:2)
  4 deep elf magi
  A necromancer (D:15)
  2 wolf spiders (D:15)
  11 ugly things
  3 orc sorcerers
  7 cyclopes
  3 manticores
  A salamander (Depths:2)
  Maurice (D:10)
  17 elephants
  7 black mambas
  A naga mage (D:15)
  Psyche (D:12)
  13 spiny frogs
  A gargoyle (D:10)
  5 rime drakes
  8 yaktaurs
  An efreet (D:13)
  2 tengu conjurers
  3 freezing wraiths
  6 komodo dragons
  7 trolls
  2 hornets
  Grinder (D:6)
  14 hippogriffs
  12 blink frogs
  7 dream sheep (Lair:5)
  9 slime creatures
  A meliai zombie (D:10)
  A centaur simulacrum (D:10)
  A water elemental (D:12)
  2 shadows
  A tarantella (shapeshifter) (Depths:1)
  4 spriggans
  3 hogs (D:13)
  45 yaks
  A spriggan (shapeshifter) (D:15)
  4 wyverns
  5 basilisks
  A hog (shapeshifter) (Depths:2)
  4 hungry ghosts
  6 wraiths
  A steam dragon (D:12)
  5 vampire mosquitoes
  2 nagas (Lair:3)
  2 wargs
  A two-headed ogre zombie (D:10)
  14 water moccasins
  Duvessa (D:7)
  11 porcupines
  An eye of draining (D:12)
  45 orc warriors
  5 ice beasts
  5 sky beasts
  4 black bears
  3 phantoms
  A hornet zombie (D:14)
  A necrophage (D:6)
  6 boggarts
  A crocodile (shapeshifter) (D:15)
  19 ogres
  17 centaurs
  17 crocodiles
  7 big kobolds
  15 bullfrogs
  2 wyvern zombies
  Dowan (D:7)
  A wyvern skeleton (D:11)
  13 killer bees
  3 scorpions
  3 troll zombies (D:10)
  8 wights
  7 electric eels
  3 howler monkeys
  11 crimson imps
  A bullfrog zombie (D:13)
  A quasit (D:14)
  Crazy Yiuf (D:6)
  4 bullfrog skeletons
  5 centaur zombies
  8 hounds
  15 orc wizards
  27 orc priests
  7 jellies
  6 centaur skeletons
  A gnoll shaman (D:6)
  Ijyb (D:4)
  12 iguanas
  12 worker ants
  2 killer bee zombies (D:10)
  4 ogre zombies (D:10)
  4 worker ant zombies
  Robin (D:1)
  14 adders
  12 gnolls
  6 shadow imps
  An ooze (D:2)
  A worm (D:2)
  3 adder skeletons
  2 leopard geckos (D:6)
  79 orcs
  10 bats
  4 giant cockroaches
  20 goblins
  11 hobgoblins
  9 jackals (D:3)
  29 kobolds
  8 quokkas
  A ball python (D:2)
  7 frilled lizards
  A goblin zombie (D:10)
  A hobgoblin zombie (D:10)
  A jackal skeleton (D:5)
  2 jackal zombies (D:5)
  2 orc skeletons (D:10)
  21 orc zombies (D:10)
  A quokka skeleton (D:5)
  5 rats
  A butterfly (Lair:3)
  A plant (D:4)
926 creatures vanquished.

Vanquished Creatures (others)
  13 fungi
  8 plants
21 creatures vanquished.

Grand Total: 947 creatures vanquished

Notes
Turn   | Place    | Note
-------+----------+-------------------------------------------
     0 | D:1      | TheOrbIsALie the Demonspawn Wizard began the quest for the Orb.
     0 | D:1      | Reached XP level 1. HP: 13/13 MP: 4/4
   689 | D:1      | Gained mutation: You have a pair of small horns on your head. [demonic ancestry]
   689 | D:1      | Reached XP level 2. HP: 19/19 MP: 4/6
   999 | D:1      | Reached skill level 1 in Unarmed Combat
  1644 | D:2      | Reached skill level 2 in Unarmed Combat
  1644 | D:2      | Gained mutation: You have sharp toenails. [demonic ancestry]
  1644 | D:2      | Reached XP level 3. HP: 24/24 MP: 0/7
  2067 | D:2      | Noticed Robin
  2170 | D:1      | Killed Robin
  2170 | D:1      | Gained mutation: You have sharp fingernails. [demonic ancestry]
  2170 | D:1      | Reached XP level 4. HP: 19/30 MP: 8/8
  2341 | D:2      | Reached skill level 3 in Unarmed Combat
  3205 | D:3      | Found a transporter.
  3227 | D:3      | Found a transporter.
  3261 | D:3      | Learned a level 3 spell: Mephitic Cloud
  3328 | D:3      | Gained mutation: You regenerate a little health from kills. [demonic ancestry]
  3328 | D:3      | Reached XP level 5. HP: 33/35 MP: 2/9
  3488 | D:3      | Reached skill level 4 in Unarmed Combat
  3840 | D:3      | Reached skill level 5 in Unarmed Combat
  3957 | D:3      | Gained mutation: You have very sharp fingernails. [demonic ancestry]
  3957 | D:3      | Reached XP level 6. HP: 41/41 MP: 10/10
  3998 | D:3      | Learned a level 3 spell: Conjure Flame
  4303 | D:4      | Found a staircase to the Ecumenical Temple.
  4311 | Temple   | Entered the Ecumenical Temple
  4442 | Temple   | Became a worshipper of Cheibriados the Contemplative
  4854 | D:4      | Noticed Ijyb
  4865 | D:4      | Killed Ijyb
  4865 | D:4      | Reached skill level 6 in Unarmed Combat
  5134 | D:4      | Found Uhiaf's General Store.
  5241 | D:5      | Entered Level 5 of the Dungeon
  5287 | D:5      | Reached * piety under Cheibriados
  5287 | D:5      | Gained mutation: You are immune to rotting. [demonic ancestry]
  5287 | D:5      | Reached XP level 7. HP: 42/46 MP: 11/11
  5334 | D:5      | Found Naseamas's General Store.
  5504 | D:5      | Reached skill level 7 in Unarmed Combat
  5597 | D:5      | Found Wam Nus's Assorted Antiques.
  5687 | D:5      | Found Sugg's Magic Scroll Shop.
  5854 | D:5      | Found Beseig's Distillery.
  5862 | D:5      | Bought a potion of degeneration for 11 gold pieces
  5883 | D:5      | Reached ** piety under Cheibriados
  5896 | D:5      | Found Zukunk's Assorted Antiques.
  5901 | D:5      | Bought a fine glass ring for 110 gold pieces
  5902 | D:5      | Identified the ring of Intercession {rElec EV+3 Str+7 Int-4 SInv} (You bought it in a shop on level 5 of the Dungeon)
  6150 | D:6      | Reached skill level 8 in Unarmed Combat
  6179 | D:6      | Gained mutation: You have claws for hands. [demonic ancestry]
  6179 | D:6      | Reached XP level 8. HP: 51/52 MP: 12/12
  6204 | D:6      | Noticed Grinder
  6231 | D:6      | Killed Grinder
  6231 | D:6      | Reached skill level 9 in Unarmed Combat
  6393 | D:6      | Reached skill level 10 in Unarmed Combat
  6511 | D:6      | Found a runed door.
  6515 | D:6      | Noticed Crazy Yiuf
  6521 | D:6      | Killed Crazy Yiuf
  6752 | D:7      | Gained mutation: You may emit foul miasma when damaged in melee. [demonic ancestry]
  6752 | D:7      | Reached XP level 9. HP: 49/57 MP: 10/13
  6801 | D:7      | Reached *** piety under Cheibriados
  6815 | D:7      | Reached skill level 11 in Unarmed Combat
  6894 | D:7      | Noticed a two-headed ogre
  6921 | D:7      | Killed a two-headed ogre
  6995 | D:7      | Noticed a two-headed ogre
  7012 | D:7      | Killed a two-headed ogre
  7012 | D:7      | Reached skill level 12 in Unarmed Combat
  7034 | D:7      | Reached skill level 1 in Fighting
  7036 | D:7      | Noticed a cyan ugly thing
  7088 | D:7      | Gained mutation: You have razor-sharp toenails. [demonic ancestry]
  7088 | D:7      | Reached XP level 10. HP: 67/67 MP: 2/14
  7186 | D:7      | Killed a cyan ugly thing
  7463 | D:7      | Noticed Duvessa
  7463 | D:7      | Noticed Dowan
  7471 | D:7      | Killed Duvessa
  7476 | D:7      | Killed Dowan
  7714 | D:7      | Reached skill level 5 in Fighting
  7925 | D:7      | Found an opulent altar of Gozag.
  7926 | D:7      | Found a stormy altar of Qazlal.
  7978 | D:8      | Reached **** piety under Cheibriados
  8287 | D:8      | Noticed a two-headed ogre
  8294 | D:8      | Killed a two-headed ogre
  8923 | D:9      | Found a blossoming altar of Fedhas.
  9046 | D:9      | Found a staircase to the Lair.
  9047 | D:9      | Noticed an elephant
  9063 | D:9      | Gained mutation: You regenerate health from kills. [demonic ancestry]
  9063 | D:9      | Reached XP level 11. HP: 55/89 MP: 13/15
  9343 | D:9      | Reached skill level 5 in Dodging
  9431 | D:9      | Found an ornate altar of the Wu Jian Council.
  9649 | D:9      | Noticed a two-headed ogre
  9659 | D:9      | Killed a two-headed ogre
  9732 | D:10     | Entered Level 10 of the Dungeon
  9738 | D:10     | Reached skill level 1 in Invocations
  9742 | D:10     | Reached ***** piety under Cheibriados
 10051 | D:10     | Noticed Fannar
 10158 | D:10     | Found a staircase to the Orcish Mines.
 10158 | D:10     | Noticed an orc sorcerer
 10158 | D:10     | Noticed Maurice
 10159 | D:10     | Noticed a soul eater
 10160 | D:10     | Noticed a sixfirhy
 10183 | D:10     | Killed an orc sorcerer
 10206 | D:10     | Killed Maurice
 10223 | D:10     | Reached skill level 5 in Conjurations
 10437 | D:10     | Found Hugeb's General Store.
 10781 | D:11     | Noticed jusw85's ghost (journeyman DECj)
 10782 | D:11     | Noticed a minotaur
 10811 | D:11     | Noticed a two-headed ogre
 10812 | D:11     | Noticed Erica
 10820 | D:11     | Killed Erica
 10820 | D:11     | Reached skill level 5 in Spellcasting
 10823 | D:11     | Killed a two-headed ogre
 10824 | D:11     | Found a runed gate.
 10824 | D:11     | Found a runed gate.
 10824 | D:11     | Found a runed gate.
 10851 | D:11     | Gained mutation: You regenerate a lot of health from kills. [demonic ancestry]
 10851 | D:11     | Reached XP level 12. HP: 51/95 MP: 15/21
 11035 | D:11     | Killed a minotaur
 11042 | D:11     | Killed jusw85's ghost
 11306 | D:11     | Noticed a death knight
 11315 | D:11     | Killed a death knight
 11900 | D:12     | Noticed Psyche
 11906 | D:12     | Killed Psyche
 11906 | D:12     | Reached skill level 5 in Air Magic
 12518 | Lair:1   | Entered Level 1 of the Lair of Beasts
 12584 | Lair:1   | Reached XP level 13. HP: 83/101 MP: 18/24
 12664 | Lair:1   | Learned a level 1 spell: Apportation
 13149 | Lair:2   | Reached skill level 10 in Air Magic
 13232 | Lair:2   | Found a staircase to the Shoals.
 13407 | Lair:2   | Learned a level 4 spell: Airstrike
 14451 | Lair:2   | Identified the Guide on the Glacier
 14546 | Lair:3   | Reached ****** piety under Cheibriados
 14582 | Lair:3   | Reached skill level 13 in Unarmed Combat
 14650 | Lair:3   | Found a staircase to the Snake Pit.
 15695 | Lair:4   | Reached skill level 14 in Unarmed Combat
 15956 | Lair:5   | Gained mutation: You have a pair of horns on your head. [demonic ancestry]
 15956 | Lair:5   | Reached XP level 14. HP: 105/108 MP: 25/25
 16536 | Lair:6   | Entered Level 6 of the Lair of Beasts
 16571 | Lair:6   | Identified a scroll of acquirement
 16572 | Lair:6   | Got a bound copper ring
 16574 | Lair:6   | Identified the ring of Fotun {rPois rN+ Str+4 Int+2 Stlth-} (You acquired it on level 6 of the Lair of Beasts)
 16641 | Lair:6   | Reached skill level 15 in Unarmed Combat
 17054 | Lair:6   | Reached skill level 16 in Unarmed Combat
 17471 | Lair:6   | Found a viscous altar of Jiyva.
 17471 | Lair:6   | Found a staircase to the Slime Pits.
 17743 | Orc:1    | Entered Level 1 of the Orcish Mines
 17867 | Orc:1    | Found a bloodstained altar of Trog.
 18179 | Orc:2    | Entered Level 2 of the Orcish Mines
 18279 | Orc:2    | Found a staircase to the Elven Halls.
 18286 | Orc:2    | Noticed Rupert
 18299 | Orc:2    | Killed Rupert
 18570 | Orc:2    | Gained mutation: You are frail. (-10% HP) [potion of mutation]
 18570 | Orc:2    | Gained mutation: You are resistant to hostile enchantments. (MR+) [potion of mutation]
 18570 | Orc:2    | Gained mutation: Your spells are a little harder to cast, but a little more powerful. [potion of mutation]
 18571 | Orc:2    | Gained mutation: You have a pair of large horns on your head. [demonic ancestry]
 18571 | Orc:2    | Reached XP level 15. HP: 16/101 MP: 12/26
 18573 | Orc:2    | Reached skill level 17 in Unarmed Combat
 18573 | Orc:2    | HP: 2/101 [orange demon[an orc high priest] (7)]
 18704 | Orc:2    | Found Roiny's Magic Scroll Shop.
 18704 | Orc:2    | Found Ozu Jeicatz's Book Shop.
 18705 | Orc:2    | Found Ogasaa's General Store.
 18705 | Orc:2    | Found Ridoat's Distillery.
 18713 | Orc:2    | Bought a potion of heal wounds for 85 gold pieces
 18716 | Orc:2    | Bought a scroll of random uselessness for 10 gold pieces
 18716 | Orc:2    | Bought a scroll of magic mapping for 35 gold pieces
 19114 | D:13     | Noticed Josephine
 19125 | D:13     | Killed Josephine
 19125 | D:13     | Reached skill level 5 in Invocations
 19166 | D:13     | Killed Fannar
 19214 | D:13     | Noticed Kirke
 19225 | D:13     | Killed Kirke
 19651 | D:13     | Reached skill level 10 in Invocations
 19819 | D:13     | Found a gate to the Vaults.
 20226 | D:14     | Found Hekittis's Food Boutique.
 20229 | D:14     | Bought a ration for 50 gold pieces
 20229 | D:14     | Bought a ration for 50 gold pieces
 20229 | D:14     | Bought a ration for 50 gold pieces
 20229 | D:14     | Bought a ration for 50 gold pieces
 20229 | D:14     | Bought a ration for 50 gold pieces
 20229 | D:14     | Bought a ration for 50 gold pieces
 20229 | D:14     | Bought a ration for 50 gold pieces
 20348 | D:14     | Reached skill level 10 in Fighting
 21119 | D:15     | Entered Level 15 of the Dungeon
 21355 | D:15     | Found a staircase to the Depths.
 21604 | D:15     | Reached XP level 16. HP: 76/114 MP: 27/27
 21708 | D:15     | Found a large runed door.
 21766 | D:15     | Got a faintly humming shield
 21772 | D:15     | Identified the -3 shield of Hairiness {Regen+ Str+2} (You took it off a deep elf mage on level 15 of the Dungeon)
 21778 | D:15     | Found a large runed door.
 21798 | D:15     | Noticed a tengu reaver
 21804 | D:15     | Killed a tengu reaver
 21850 | D:15     | Found a burning altar of Makhleb.
 21853 | D:15     | Found an ancient bone altar of Kikubaaqudgha.
 22216 | Depths:1 | Entered Level 1 of the Depths
 22217 | Depths:1 | Found a burning altar of Makhleb.
 22226 | Depths:1 | Reached skill level 1 in Shields
 22227 | Depths:1 | Found Heuvovauhoh's Jewellery Shoppe.
 22256 | Depths:1 | Found Tynta's General Store.
 22258 | Depths:1 | Found Rowudirph's Book Shoppe.
 22331 | Depths:1 | Found Leufoned's Antique Armour Emporium.
 22396 | Depths:1 | Found a gateway to Hell.
 22430 | Depths:1 | Found a runed gate.
 22430 | Depths:1 | Found a runed gate.
 22436 | Depths:1 | Found a runed gate.
 22443 | Depths:1 | Found an opulent altar of Gozag.
 22443 | Depths:1 | Found Hinonoli's Assorted Antiques.
 22445 | Depths:1 | Noticed Ijionina's ghost (master MiFi)
 22446 | Depths:1 | Found Siuxtua's Assorted Antiques.
 22533 | Depths:1 | Reached skill level 5 in Shields
 22637 | Depths:1 | Found a one-way gate to the infinite horrors of the Abyss.
 22731 | Depths:1 | Identified Sif Muna's Volume of the Fetching Frostbite
 22735 | Depths:1 | Noticed a lich
 23082 | Depths:1 | Paralysed by a great orb of eyes for 6 turns
 23122 | Depths:1 | Found the ring of Phasing {EV+8}
 23195 | Depths:2 | Noticed Saint Roka
 23201 | Depths:2 | Noticed a lich
 23269 | Depths:2 | Noticed the Enchantress
 23275 | Depths:2 | Killed the Enchantress
 23390 | Depths:2 | Mangled by a deep troll

Vault maps used:
D:1:      lemuel_arrival_tunnels
D:2:      uniq_robin
D:3:      gammafunk_steamed_eel
D:4:      wad_woods_settlement, minmay_temple_entry_statues_pillars,
          serial_shops, shop, uniq_ijyb
D:5:      cheibrodos_thug_alley, first_ration, serial_shops, shop,
          nicolae_shop_stone, kennysheep_little_box, nicolae_shop_crystal,
          nicolae_shop_overgrown_old_shop
D:6:      uniq_grinder, uniq_crazy_yiuf_cottage
D:7:      amethyst_overflow_temple_binary, serial_bayou_pond_b, uniq_duvessa
D:8:      the_bakery, minmay_misc_feat_four_crosses
D:9:      lemuel_round_altar, fedhas_altar_2, david_lair_generic
D:10:     zombieorc2_lemuel, serial_shops, nicolae_shop_behind_doors,
          hangedman_weighted_door, uniq_fannar, uniq_maurice
D:11:     maelrawn_ghost_labyrinth_escape, uniq_erica
D:12:     uniq_psyche
D:13:     hangedman_vaults_entry_quadrant_bands, nzn_random_ring, uniq_kirke,
          uniq_josephine
D:14:     kennysheep_boxes, serial_shops, kennysheep_mini_moat, st_stairs_8,
          lightli_minifort
D:15:     grunt_enter_depths_magical_seal, minmay_misc_feat_five,
          hangedman_decor_diamond_cutter, jmf_multi_god_temple2
Temple:   dpeg_five_rooms_temple
Lair:1:   minivault_27
Lair:2:   minmay_shoals_entry_beasts, grunt_megastairs_4,
          minmay_lair_oklob_chamber, lemuel_fruit_tree
Lair:3:   guppyfry_snake_entry_island, lemuel_fruit_fields, grunt_megastairs_1
Lair:4:   serial_bayou_shore_a, grunt_megastairs_5, serial_bayou_shore_b
Lair:6:   hangedman_lair_in_review, dpeg_slime_entry_enclosed_altar
Orc:1:    trog_butcher_becter
Orc:2:    st_orc_pillars, uniq_rupert
Depths:1: ebering_ghost_gozag, hell_entry, abyss_entry_small_statue_room,
          basic_altar, serial_shops, shop, statue_in_the_mist_lemuel,
          st_stairs_9, minmay_protected_statue, minmay_shop_star
Depths:2: four-leaf_vault, pf_hell_entry_tar_river, chequers_big_river,
          infiniplex_staircase_x, serial_bayou_shore_b, uniq_saint_roka,
          uniq_enchantress

Skill      XL: |  1  2  3  4  5  6  7  8  9 10 11 12 13 14 15 16 |
---------------+-------------------------------------------------+-----
Conjurations   | 2 5 |  5.2
Unarmed Combat | 2 3 5 6 8 10 12 14 16 17 | 17.2
Fighting       | 2 9 11 12 | 12.3
Dodging        | 3 6 |  6.0
Invocations    | 3 10 | 10.4
Spellcasting   | 6 7 |  7.8
Air Magic      | 8 10 | 10.9
Shields        | 9 |  9.6
Stealth        | |  1.7
Summonings     | |  1.0
Translocations | |  0.8

Action                   |  1- 3 |  4- 6 |  7- 9 | 10-12 | 13-15 | 16-18 || total
-------------------------+-------+-------+-------+-------+-------+-------++-------
Melee: Unarmed           |    68 |   193 |   193 |   447 |   761 |   145 ||  1807
       Headbutt          |     3 |    16 |    41 |   118 |   240 |    42 ||   460
       Kick              |     1 |    38 |    56 |   201 |   370 |    89 ||   755
       Punch             |       |     3 |    12 |    26 |    66 |     3 ||   110
Throw: Tomahawk          |     3 |       |       |     4 |     3 |       ||    10
 Cast: Magic Dart        |    77 |    78 |    19 |    15 |     1 |       ||   190
       Mephitic Cloud    |       |     1 |     4 |     9 |     1 |     1 ||    16
       Conjure Flame     |       |     2 |     1 |     3 |       |       ||     6
       Airstrike         |       |       |       |       |    36 |     5 ||    41
       Apportation       |       |       |       |       |     1 |     6 ||     7
Invok: Bend Time         |       |       |     2 |     1 |     2 |     1 ||     6
       Slouch            |       |       |       |     9 |    11 |     9 ||    29
       Temporal Distorti |       |       |       |     2 |     2 |     2 ||     6
Evoke: Wand              |       |     3 |     1 |     4 |    10 |       ||    18
  Use: Scroll            |       |     4 |     1 |       |     5 |     1 ||    11
       Potion            |       |       |       |       |     2 |     1 ||     3
 Stab: Sleeping          |       |     4 |       |     5 |       |       ||     9
       Confused          |       |       |     1 |     3 |     3 |       ||     7
       Petrified         |       |       |       |       |     6 |       ||     6
  Eat: Chunk             |     3 |    11 |     4 |    13 |    20 |     2 ||    53
       Ration            |       |       |       |       |     1 |     1 ||     2
Armor: Robe              |    10 |    43 |       |       |       |       ||    53
       Ring mail         |       |     9 |    37 |       |       |       ||    46
       Leather armour    |       |       |    26 |    31 |       |       ||    57
       Chain mail        |       |       |       |    89 |   161 |    17 ||   267
Dodge: Dodged            |    49 |   108 |    97 |   357 |   723 |   113 ||  1447
Block: Shield            |       |       |       |       |       |    63 ||    63

Table legend:
 A = Spawn XP
 B = Non-spawn XP
 C = Spawn XP percentage of total XP
 D = Spawn monster count
 E = Non-spawn monster count
 F = Spawn count percentage of total count
 G = Total turns spent on level
                    A         B        C        D         E        F      G
               +---------+---------+-------+---------+---------+-------+---------
         Total |       0 |  206456 |   0.0 |       0 |     924 |   0.0 | 23390
               +---------+---------+-------+---------+---------+-------+---------
           D:1 |       0 |      52 |   0.0 |       0 |      23 |   0.0 |  1747
           D:2 |       0 |      94 |   0.0 |       0 |      23 |   0.0 |  1362
           D:3 |       0 |     300 |   0.0 |       0 |      40 |   0.0 |  1183
           D:4 |       0 |     268 |   0.0 |       0 |      14 |   0.0 |   768
           D:5 |       0 |     508 |   0.0 |       0 |      29 |   0.0 |   900
           D:6 |       0 |    1521 |   0.0 |       0 |      29 |   0.0 |   573
           D:7 |       0 |    4749 |   0.0 |       0 |      46 |   0.0 |  1250
           D:8 |       0 |    3104 |   0.0 |       0 |      40 |   0.0 |   904
           D:9 |       0 |    3885 |   0.0 |       0 |      29 |   0.0 |   886
          D:10 |       0 |    4126 |   0.0 |       0 |      52 |   0.0 |  1044
          D:11 |       0 |   10328 |   0.0 |       0 |      50 |   0.0 |  1237
          D:12 |       0 |    7677 |   0.0 |       0 |      47 |   0.0 |   580
          D:13 |       0 |   24431 |   0.0 |       0 |      74 |   0.0 |   877
          D:14 |       0 |    4086 |   0.0 |       0 |      22 |   0.0 |  1128
          D:15 |       0 |   22838 |   0.0 |       0 |      51 |   0.0 |  1097
        Lair:1 |       0 |    3491 |   0.0 |       0 |      19 |   0.0 |   608
        Lair:2 |       0 |   11051 |   0.0 |       0 |      28 |   0.0 |  1374
        Lair:3 |       0 |    5052 |   0.0 |       0 |      21 |   0.0 |   717
        Lair:4 |       0 |    6709 |   0.0 |       0 |      20 |   0.0 |   748
        Lair:5 |       0 |    7242 |   0.0 |       0 |      30 |   0.0 |   650
        Lair:6 |       0 |   19633 |   0.0 |       0 |      53 |   0.0 |  1109
         Orc:1 |       0 |    2629 |   0.0 |       0 |      27 |   0.0 |   439
         Orc:2 |       0 |   17274 |   0.0 |       0 |      91 |   0.0 |   854
      Depths:1 |       0 |   27450 |   0.0 |       0 |      36 |   0.0 |  1139
      Depths:2 |       0 |   17958 |   0.0 |       0 |      30 |   0.0 |    35
               +---------+---------+-------+---------+---------+-------+---------
